 Dungeon Crawl Stone Soup version 0.23.2-33-g5129a83184 (webtiles) character file.

Game seed: 12486744095453678139

289 MalarOregon the Magician (level 6, 0/52 HPs)
             Began as a Ghoul Wizard on July 11, 2019.
             Slain by Menkaure (1 damage)
             ... on level 4 of the Dungeon.
             The game lasted 00:10:53 (5451 turns).

MalarOregon the Magician (Ghoul Wizard)             Turns: 5451, Time: 00:10:54

Health: 0/52       AC:  2    Str: 14    XL:     6   Next: 31%
Magic:  11/11      EV: 12    Int: 17    God:
Gold:   114        SH:  0    Dex:  7    Spells: 5/13 levels left

rFire    + . .     SeeInvis .   p - +1 dagger "Nawael" {venom, rF+ Str+3 Int+2} (curse)
rCold    + . .     Gourm    .   (no shield)
rNeg     + + +     Faith    .   a - +0 robe
rPois    ∞         Spirit   .   b - +0 hat
rElec    .         Reflect  .   (no cloak)
rCorr    .         Harm     .   (no gloves)
MR       .....                  (no boots)
Stlth    ++........             (no amulet)
HPRegen  0.00/turn              (no ring)
MPRegen  0.12/turn              (no ring)

@: rotting
A: rotting body, claws 1, carnivore, cold resistance 1, negative energy
resistance 3, inhibited regeneration, torment resistance, unbreathing
a: no special abilities


You were on level 4 of the Dungeon.
You were not hungry.

You visited 1 branch of the dungeon, and saw 4 of its levels.

You collected 114 gold pieces.

Inventory:

Hand Weapons
 p - the cursed +1 dagger "Nawael" (weapon) {venom, rF+ Str+3 Int+2}
   (You found it on level 2 of the Dungeon)

   It poisons the flesh of those it strikes.
   It affects your strength (+3).
   It affects your intelligence (+2).
   It protects you from fire.
   It has a curse placed upon it.
 r - a +2 dagger of draining
   (You took it off an orc on level 3 of the Dungeon)
Armour
 a - a +0 robe (worn)
 b - a +0 hat (worn)
Jewellery
 d - an uncursed ring of protection from magic {unknown}
   (You found it on level 1 of the Dungeon)
Scrolls
 j - 2 scrolls of remove curse {unknown}
 m - 3 scrolls of identify {unknown}
 n - a scroll of teleportation {unknown}
 q - 2 scrolls of noise {unknown}
Potions
 c - a potion of lignification {unknown}
 k - 2 potions of curing {unknown}
 l - a potion of heal wounds {unknown}
 o - a potion of degeneration {unknown}
 s - a potion of berserk rage {unknown}
Comestibles
 e - 6 rations {!d}


   Skills:
 - Level 4.0 Fighting
 - Level 1.7 Dodging
 - Level 2.1 Stealth
 - Level 4.0 Spellcasting
 - Level 1.0 Conjurations
 - Level 2.0 Summonings
 + Level 1.3 Translocations
 + Level 0.5 Air Magic
 + Level 0.8 Poison Magic


You had 5 spell levels left.
You knew the following spells:

 Your Spells              Type           Power        Failure   Level  Hunger
a - Magic Dart            Conj           #...         11%         1    None
b - Blink                 Tloc           N/A          14%         2    ##.....
f - Mephitic Cloud        Conj/Pois/Air  #.......     34%         3    ###....
x - Call Imp              Summ           ##......     11%         2    ##.....

Your spell library contained the following spells:

 Spells                   Type           Power        Failure   Level  Hunger
 Slow                     Hex            #.......     24%         2    ##.....
 Conjure Flame            Conj/Fire      #.......     36%         3    ###....


Dungeon Overview and Level Annotations

Branches:
Dungeon (4/15)
 Temple: D:4-7

Altars:
Elyvilon
Kikubaaqudgha

Annotations:
D:4 Menkaure


Innate Abilities, Weirdness & Mutations

Your body is rotting away.
You thrive on raw meat.
You are immune to poison.
You have sharp fingernails.
You are carnivorous and can eat meat at any time.
Your flesh is cold resistant. (rC+)
You are immune to negative energy. (rN+++)
You do not regenerate when monsters are visible.
You are immune to unholy pain and torment.
You can survive without breathing.


Message History

You hit the bat zombie. The bat zombie barely misses you.
The bat zombie misses you. The rat zombie completely misses you.
The bat zombie hits you but does no damage.
You hit the bat zombie.
You destroy the bat zombie!
The rat zombie barely misses you.
You hit the rat zombie. You hit the rat zombie.
The rat zombie closely misses you.
You hit the rat zombie. The rat zombie bites you.
You hit the rat zombie.
You destroy the rat zombie!
No target in view!
Found an ancient bone altar of Kikubaaqudgha.
Found 7 gold pieces.
Menkaure, Prince of Dust comes into view.
Found a ration.
Menkaure shouts!
Menkaure gestures wildly while chanting.
Menkaure seems to speed up.
Menkaure misses you.
You hit Menkaure. Menkaure misses you.
You hit Menkaure. Menkaure hits you!
You hit Menkaure. Menkaure closely misses you. Menkaure barely misses you.
You hit Menkaure. Menkaure completely misses you.
You completely miss Menkaure. Menkaure barely misses you.
You hit Menkaure but do no damage. Menkaure misses you.
You barely miss Menkaure. Menkaure hits you.
You hit Menkaure but do no damage. Menkaure completely misses you.
Menkaure hits you!!
* * * LOW HITPOINT WARNING * * *
All of the chunks of flesh in your inventory have rotted away.
Menkaure barely misses you.
As you read the scroll labeled ATZANW MOFYR, it crumbles to dust.
It is a scroll of amnesia.
Okay, then.
Menkaure hits you.
* * * LOW HITPOINT WARNING * * *
As you read the scroll labeled ZATUXT OMAL, it crumbles to dust.
The creatures around you are filled with an inner flame!
It was a scroll of immolation.
Menkaure hits you.
* * * LOW HITPOINT WARNING * * *
As you read the scroll labeled HUVOEBL BACHUR, it crumbles to dust.
You assume a fearsome visage.
Menkaure is unaffected.
It was a scroll of fear.
Menkaure hits you.
* * * LOW HITPOINT WARNING * * *
As you read the scroll labeled NAHISI CAOTZ, it crumbles to dust.
Your nose twitches suddenly!
It was a scroll of random uselessness.
Menkaure misses you. Menkaure hits you.
You die...

#≈...≈# ###.### #... #.#
#.... #.# ..##..... ###.#
........# #...#
.......###########..##
...................########
#.......M@..............#
#................######.#
#........######### #.#
#........##### #.#
#......$....... #.#
#.............. #.#
#............%. #.#
#.............. #.#
#.............. #.#


You could see Menkaure (inner flame).

Vanquished Creatures
  An orc priest (D:3)
  A worker ant (D:3)
  A gnoll (D:2)
  4 adders
  6 oozes
  A worm (D:3)
  3 dart slugs
  5 leopard geckos
  5 orcs (D:3)
  A ball python (D:1)
  2 bat zombies (D:4)
  6 giant cockroaches
  9 hobgoblins
  2 jackals (D:3)
  3 quokkas (D:3)
  5 bats
  3 frilled lizards
  8 goblins
  15 kobolds
  5 rats
  A rat zombie (D:4)
  A fungus (D:2)
88 creatures vanquished.

Vanquished Creatures (collateral kills)
  2 jellies (D:2)
  2 gnolls (D:3)
  4 oozes (D:2)
  2 jackals (D:3)
10 creatures vanquished.

Vanquished Creatures (others)
  10 fungi (D:2)
  5 toadstools (D:2)
15 creatures vanquished.

Grand Total: 113 creatures vanquished

Notes
Turn   | Place    | Note
-------+----------+-------------------------------------------
     0 | D:1      | MalarOregon the Ghoul Wizard began the quest for the Orb.
     0 | D:1      | Reached XP level 1. HP: 14/14 MP: 3/3
    27 | D:1      | Reached skill level 1 in Conjurations
   192 | D:1      | Reached skill level 1 in Fighting
   192 | D:1      | Reached XP level 2. HP: 18/23 MP: 0/4
  1335 | D:1      | Reached XP level 3. HP: 28/28 MP: 1/6
  2184 | D:2      | Found a white marble altar of Elyvilon.
  2750 | D:2      | Reached XP level 4. HP: 33/33 MP: 2/8
  3093 | D:2      | Learned a level 2 spell: Call Imp
  3096 | D:2      | Learned a level 2 spell: Blink
  3100 | D:2      | Learned a level 3 spell: Mephitic Cloud
  3210 | D:2      | Reached skill level 1 in Summonings
  3561 | D:2      | Reached XP level 5. HP: 18/40 MP: 5/9
  3774 | D:2      | Got a twisted dagger
  3775 | D:2      | Identified the cursed +1 dagger "Nawael" {venom, rF+ Str+3
                  | Int+2} (You found it on level 2 of the Dungeon)
  4553 | D:3      | Reached XP level 6. HP: 25/52 MP: 11/11
  4696 | D:3      | Reached skill level 1 in Translocations
  5409 | D:4      | Found an ancient bone altar of Kikubaaqudgha.
  5428 | D:4      | Noticed Menkaure
  5449 | D:4      | HP: 2/52 [Menkaure (4)]
  5451 | D:4      | Slain by Menkaure

Skill      XL: |  1  2  3  4  5  6 |
---------------+-------------------+-----
Conjurations   | 1 |  1.0
Fighting       | 1 2 3 4 |  4.0
Spellcasting   | 3 4 |  4.0
Summonings     | 1 2 |  2.0
Translocations | 1 |  1.3
Dodging        | |  1.7
Stealth        | |  2.1
Air Magic      | |  0.5
Poison Magic   | |  0.8

Action                   |  1- 3 |  4- 6 || total
-------------------------+-------+-------++-------
Melee: Unarmed           |    45 |       ||    45
       Dagger            |    90 |   229 ||   319
 Cast: Magic Dart        |    67 |    15 ||    82
       Call Imp          |       |    10 ||    10
  Use: Scroll            |       |     4 ||     4
 Stab: Distracted        |       |     1 ||     1
       Sleeping          |       |     1 ||     1
  Eat: Chunk             |     8 |    25 ||    33
       Ration            |       |     1 ||     1
Armor: Robe              |    20 |    35 ||    55
Dodge: Dodged            |    66 |   165 ||   231
